 Dungeon Crawl Stone Soup version 0.24.0-13-gcf9b319 (webtiles) character file.

Game seed: 12271962041751238817, levelgen mode: deterministic

711 Balder the Cudgeler (level 7, -1/61 HPs)
             Began as a Troll Monk on May 18, 2020.
             Was a Priest of Hepliaklqana.
             Slain by a wolf (3 damage)
             ... led by Grum
             ... on level 8 of the Dungeon.
             The game lasted 00:26:48 (4995 turns).

Balder the Cudgeler (Troll Monk)                    Turns: 4995, Time: 00:26:49

Health: -1/61      AC:  7    Str: 24      XL:     7   Next: 40%
Magic:  6/6        EV: 11    Int:  6      God:    Hepliaklqana [***...]
Gold:   318        SH:  0    Dex: 11 (14) Spells: 6/6 levels left

rFire    . . .     SeeInvis .     - Unarmed
rCold    . . .     Gourm    +   (no shield)
rNeg     . . .     Faith    .   b - +0 robe
rPois    .         Spirit   .   (helmet restricted)
rElec    .         Reflect  .   y - +0 cloak
rCorr    .         Harm     .   (gloves unavailable)
MR       +....                  (boots unavailable)
Stlth    ++........             (no amulet)
HPRegen  0.60/turn              h - +4 ring of strength
MPRegen  0.10/turn              r - ring of protection from magic

@: lethally poisoned (-1 -> -1), flying, very slightly contaminated
A: large, unfitting armour, reduced essence, claws 3, fast metabolism 3,
gourmand, regeneration 1, shaggy fur 1, tough skin 3
a: Recall Ancestor, Ancestor Identity, Transference, Renounce Religion


You were on level 8 of the Dungeon.
You worshipped Hepliaklqana.
Hepliaklqana was most pleased with you.
You were completely stuffed.

You visited 2 branches of the dungeon, and saw 8 of its levels.

You collected 318 gold pieces.

Inventory:

Hand Weapons
 a - a +2 giant spiked club
 u - a +0 mace
 C - a +0 shortbow of velocity
Armour
 b - a +0 robe (worn)
 y - a +0 cloak (worn)
Jewellery
 d - a +3 ring of intelligence {unknown}
 h - a +4 ring of strength (left claw)
 k - an uncursed ring of fire {unknown}
 r - a ring of protection from magic (right claw)
 x - an uncursed amulet of magic regeneration {unknown}
 z - an uncursed ring of stealth {unknown}
Wands
 j - a wand of disintegration (19)
 t - a wand of iceblast (7)
Scrolls
 f - a scroll of random uselessness {unknown}
 g - a scroll of blinking
 i - a scroll of fear {unknown}
 m - a scroll of magic mapping {unknown}
 v - a scroll of noise {unknown}
 w - a scroll of immolation {unknown}
 A - a scroll of teleportation {unknown}
Potions
 e - a potion of flight
 l - a potion of magic {unknown}
 n - a potion of ambrosia {unknown}
 o - 3 potions of curing {unknown}
 p - a potion of mutation {unknown}
 q - 3 potions of heal wounds {unknown}
Comestibles
 c - 12 rations
 B - 4 chunks of flesh


   Skills:
 * Level 3.6 Fighting
 * Level 5.3 Maces & Flails
 - Level 3.2 Dodging
 + Level 1.5 Stealth
 * Level 3.3 Unarmed Combat
 * Level 1.1 Invocations
 * Level 0.6 Evocations


You had 6 spell levels left.
You didn't know any spells.
Your spell library contained the following spells:

 Spells                   Type           Power        Failure   Level  Hunger
 Sandblast                Erth           #.....       45%         1    ##.....
 Passwall                 Tmut/Erth      #.......     58%         2    ###....
 Stone Arrow              Conj/Erth      #.....       83%         3    ####...
 Petrify                  Tmut/Erth      #.......     99%         4    #####..
 Lee's Rapid Deconstruct  Erth           #.........   100%        5    ######.


Dungeon Overview and Level Annotations

Branches:
Dungeon (6/15)             Temple (1/1) D:4

Altars:
Ashenzari
Cheibriados
Elyvilon
Gozag
Hepliaklqana
Kikubaaqudgha
Makhleb
Nemelex Xobeh
Okawaru
Qazlal
Ru
Sif Muna
Trog
Uskayaw
Vehumet
Wu Jian
Xom
Yredelemnul
Zin

Shops:
D:4 ?*}:[

Annotations:
D:8 Grum


Innate Abilities, Weirdness & Mutations

You are too large for most types of armour.
You have claws for hands.
Your metabolism is lightning-fast.
You like to eat raw meat.
Your natural rate of healing is unusually fast.
You are covered in fur. (AC +1)
You have extremely tough skin. (AC +3)
Your life essence is reduced to manifest your ancestor. (-10% HP)


Message History

The worker ant bites you but does no damage.
You closely miss the worker ant.
The worker ant is moderately wounded.
The worker ant bites you. Something hits you!
* * * LOW HITPOINT WARNING * * *
Unknown command.
It was a potion of flight.
You feel very buoyant.
You fly up into the air.
You feel sick. The worker ant bites you.
* * * LOW HITPOINT WARNING * * *
Something hits you.
* * * LOW HITPOINT WARNING * * *
Blink to where?
Press: ? - help, Dir - move target cursor You are very lightly contaminated with residual magic.
As you read the scroll of blinking, it crumbles to dust.
You feel sick.
You see here a trident.
You feel sick. The wolf bites you.
You die...

#..# #..#
###..#####
###.........
#.........#
#.........##### #
#..)5a.....ยง..# #
#.h.......###.####
#@h.......# #.##..
#....##.......#
#.##.# ####.
#.##.#### #....#
..
........######.#
###
####.##.........
.. ..#######


You could see 2 wolves, a worker ant and a quasit.

Vanquished Creatures
  An ogre (D:4)
  A centaur (D:8)
  A crimson imp (D:4)
  A jelly (D:3)
  A bullfrog skeleton (D:8)
  2 orc wizards (D:3)
  A hound skeleton (D:5)
  5 adders
  3 gnolls
  A worm (D:5)
  A dart slug (D:3)
  4 leopard geckos
  6 orcs (D:3)
  2 ball pythons
  5 bats
  7 giant cockroaches
  25 goblins
  21 hobgoblins
  10 jackals
  5 kobolds
  A quokka (D:4)
  4 frilled lizards
  7 rats
115 creatures vanquished.

Vanquished Creatures (collateral kills)
  2 worker ants (D:4)
  A howler monkey zombie (D:5)
  5 gnolls (D:4)
  2 adders
  2 worms
  A dart slug (D:4)
  A ball python (D:4)
  15 goblins (D:4)
  10 hobgoblins (D:4)
  2 kobolds (D:4)
  3 rats (D:4)
44 creatures vanquished.

Vanquished Creatures (others)
  A battlemage (D:8)
1 creature vanquished.

Grand Total: 160 creatures vanquished

Notes
Turn   | Place    | Note
-------+----------+-------------------------------------------
     0 | D:1      | Balder the Troll Monk began the quest for the Orb.
     0 | D:1      | Reached XP level 1. HP: 22/22 MP: 0/0
   292 | D:1      | Reached XP level 2. HP: 29/29 MP: 1/1
   617 | D:1      | Reached skill level 3 in Maces & Flails
   805 | D:2      | Reached XP level 3. HP: 12/36 MP: 2/2
  1191 | D:2      | Reached XP level 4. HP: 20/44 MP: 3/3
  1833 | D:3      | Reached skill level 4 in Maces & Flails
  1833 | D:3      | Reached skill level 1 in Unarmed Combat
  1885 | D:3      | Reached XP level 5. HP: 49/53 MP: 4/4
  2075 | D:3      | Found a glowing silver altar of Zin.
  2075 | D:3      | Found a snail-covered altar of Cheibriados.
  2093 | D:3      | Found a white marble altar of Elyvilon.
  2093 | D:3      | Found a shimmering blue altar of Sif Muna.
  2094 | D:3      | Found an iron altar of Okawaru.
  2094 | D:3      | Found a shattered altar of Ashenzari.
  2764 | D:4      | Noticed an ogre
  2777 | D:4      | Killed an ogre
  2777 | D:4      | Reached XP level 6. HP: 61/61 MP: 5/5
  2778 | D:4      | Found Ydanoimi's Magic Scroll Boutique.
  2814 | D:4      | You fall into a shaft and drop 1 floor!
  2814 | D:5      | Entered Level 5 of the Dungeon
  2833 | D:4      | Found Yskit's Assorted Antiques.
  2861 | D:4      | Found a staircase to the Ecumenical Temple.
  2876 | Temple   | Entered the Ecumenical Temple
  3217 | Temple   | Became a worshipper of Hepliaklqana the Forgotten
  3217 | Temple   | Reached * piety under Hepliaklqana
  3217 | Temple   | Reached ** piety under Hepliaklqana
  3262 | D:4      | Remembered your ancestor Gamma as a battlemage
  3264 | D:4      | Found Maaneeh's Gadget Shop.
  3271 | D:4      | Found Poathrass's Book Emporium.
  3501 | D:4      | Reached skill level 5 in Maces & Flails
  3762 | D:4      | Found Mafuor's Antique Armour Emporium.
  4002 | D:4      | Found a radiant altar of Vehumet.
  4002 | D:4      | Found a burning altar of Makhleb.
  4007 | D:4      | Reached XP level 7. HP: 59/60 MP: 6/6
  4857 | D:6      | You fall into a shaft and drop 2 floors!
  4857 | D:8      | Reached *** piety under Hepliaklqana
  4904 | D:8      | Reached skill level 1 in Invocations
  4978 | D:8      | Noticed Grum
  4991 | D:8      | HP: 2/61 [something (4)]
  4995 | D:8      | Slain by a wolf

Levels and vault maps discovered:
D:1:      dpeg_arrival_solitude, layout_basic
D:2:      layout_loops_corners, first_ration, minmay_pentomino_pile
D:3:      minmay_octagon_keep, layout_loops_ring, grunt_temple_overflow_open
D:4:      minmay_goblin_kobold_castle, layout_loops_ring,
          grunt_temple_overflow_lords_of_destruction,
          minmay_temple_entry_glassed_door, portal_sewer_entry_e, serial_shops,
          nicolae_shop_crystal, nicolae_shop_overgrown_old_shop, shop, shop,
          shop
D:5:      layout_cave_pools
D:6:      layout_loops_ring, fedhas_altar_4
D:8:      layout_loops_ring, grunt_dithmenos_shadows, yredelemnul_altar_generic,
          uniq_grum
Temple:   minmay_temple_curvy_loop

Skill      XL: |  1  2  3  4  5  6  7 |
---------------+----------------------+-----
Maces & Flails | 3 4 5 |  5.3
Fighting       | 3 |  3.6
Unarmed Combat | 1 2 3 |  3.3
Dodging        | 3 |  3.2
Invocations    | 1 |  1.1
Stealth        | |  1.5
Evocations     | |  0.6

Action                   |  1- 3 |  4- 6 |  7- 9 || total
-------------------------+-------+-------+-------++-------
Melee: Mace              |    89 |   187 |       ||   276
       Punch             |       |     2 |       ||     2
       Unarmed           |       |    72 |    26 ||    98
       Giant spiked club |       |    21 |       ||    21
Throw: Throwing net      |       |     1 |       ||     1
Invok: Ancestor Life: Ba |       |     1 |       ||     1
       Ancestor Identity |       |     1 |       ||     1
       Recall Ancestor   |       |       |     1 ||     1
  Use: Potion            |       |     1 |     1 ||     2
       Scroll            |       |     5 |     2 ||     7
 Stab: Sleeping          |     1 |     2 |     2 ||     5
       Held in net/web   |       |     1 |       ||     1
       Distracted        |       |     1 |       ||     1
  Eat: Chunk             |    15 |    28 |     9 ||    52
Armor: Robe              |    40 |   123 |    14 ||   177
       Skin              |       |    39 |       ||    39
Dodge: Dodged            |    54 |   191 |    12 ||   257
